 Dungeon Crawl Stone Soup version 0.29-a0-25-g7f48f510a0 (webtiles) character file.

Game seed: 17337486592585001810

53 lunkers the Digger (level 3, 0/26 HPs)
             Began as a Demigod Earth Elementalist on Feb 1, 2022.
             Slain by a giant cockroach (1 damage)
             ... on level 2 of the Dungeon.
             The game lasted 00:01:44 (1177 turns).

lunkers the Digger (Demigod Earth Elementalist)     Turns: 1177, Time: 00:01:45

Health: 0/26       AC:  2    Str:  9    XL:     3   Next: 42%
Magic:  9/9        EV: 12    Int: 21    God:
Gold:   48         SH:  0    Dex: 14    Spells: 5/6 levels left

rFire   . . .      SeeInvis .   c - +0 dagger
rCold   . . .      Faith    .   (no shield)
rNeg    . . .      Spirit   .   b - +0 robe
rPois   .          Reflect  .   (no helmet)
rElec   .          Harm     .   (no cloak)
rCorr   +          Rampage  .   (no gloves)
Will    .....                   (no boots)
Stlth   ++........              (no amulet)
HPRegen 0.08/turn               i - ring of resist corrosion
MPRegen 0.11/turn               (no ring)

@: no status effects
A: high MP 1, forlorn, divine attributes
a: no special abilities


You were on level 2 of the Dungeon.
You visited 1 branch of the dungeon, and saw 2 of its levels.

You collected 48 gold pieces.

Inventory:

Hand Weapons
 c - a +0 dagger (weapon)
Armour
 b - a +0 robe (worn)
Jewellery
 i - a ring of resist corrosion (left hand)
Scrolls
 a - a scroll of summoning {unknown}
 d - a scroll of amnesia {unknown}
 f - a scroll of teleportation {unknown}
 g - 3 scrolls of identify {unknown}
 h - a scroll of fear {unknown}
 j - 2 scrolls of blinking {unknown}
Potions
 e - a potion of curing {unknown}
 k - a potion of berserk rage {unknown}


   Skills:
 - Level 1.7 Dodging
 - Level 1.7 Stealth
 + Level 2.3 Spellcasting
 - Level 0.8 Transmutations
 * Level 3.8 Earth Magic


You had 5 spell levels left.
You knew the following spells:

 Your Spells              Type           Power      Damage    Failure   Level
a - Sandblast             Erth           36%        2d10      3%          1

Your spell library contained the following spells:

 Spells                   Type           Power      Damage    Failure   Level
 Passwall                 Tmut/Erth      10%        N/A       9%          2
 Stone Arrow              Conj/Erth      20%        3d8       19%         3
 Petrify                  Tmut/Erth      12%        N/A       47%         4


Dungeon Overview and Level Annotations

Branches:
Dungeon (2/15)


Innate Abilities, Weirdness & Mutations

You have an increased reservoir of magic. (+10% MP)
You shall have no god before yourself.
Your divine heritage dramatically boosts your attributes as you level up.


Message History

Unknown command.
You hit the jackal.
The jackal is almost dead.
The jackal stops to sniff the ground.
The jackal closely misses you. x2
Unknown command.
You hit the jackal.
You kill the jackal!
Unknown command.
Things that are here:
a jackal corpse; a giant cockroach corpse; a giant cockroach corpse Unknown command.
An endoplasm comes into view.
The endoplasm quivers.
The giant cockroach bites you but does no damage.
You hit the giant cockroach but do no damage.
The giant cockroach completely misses you.
You barely miss the giant cockroach. The giant cockroach barely misses you.
You barely miss the giant cockroach. The giant cockroach closely misses you.
You hit the giant cockroach.
The giant cockroach is moderately wounded.
The giant cockroach bites you but does no damage.
You closely miss the giant cockroach.
The giant cockroach is moderately wounded.
The giant cockroach closely misses you.
You barely miss the giant cockroach.
The giant cockroach is moderately wounded.
The giant cockroach bites you.
* * * LOW HITPOINT WARNING * * *
The endoplasm freezes you.
You are frozen.
* * * LOW HITPOINT WARNING * * *
The giant cockroach bites you but does no damage.
You hit the giant cockroach.
The giant cockroach is severely wounded.
The endoplasm freezes you.
You are frozen.
* * * LOW HITPOINT WARNING * * *
The giant cockroach bites you.
You die...

..........# #.#.#.#.#.#
.......<÷J###
#.#.#.#.#...####################
.........#.....................
#.#.#.#.#.####.#.##....##......#
# #######.# #.....##........#..#
#.# ##J#...†##..#.##...# #.#
##@B###.###.#...### #..
################## ...
###.###..########.
#####.................
#.........##.####B####
#.###.######.# #.# #.# #.# #.#
#.# #.# #.# ... #.# #.# #B# ###
#.#


You could see an endoplasm and a giant cockroach.

Vanquished Creatures
  2 adders (D:2)
  3 ball pythons (D:1)
  2 endoplasms (D:2)
  6 giant cockroaches (D:2)
  A goblin (D:1)
  3 hobgoblins
  4 jackals
  3 kobolds
  A quokka (D:1)
  2 bats
  4 rats (D:1)
31 creatures vanquished.

Notes
Turn   | Place    | Note
-------+----------+-------------------------------------------
     0 | D:1      | lunkers the Demigod Earth Elementalist began the quest for
                  | the Orb.
     0 | D:1      | Reached XP level 1. HP: 14/14 MP: 5/5
   133 | D:1      | Reached skill level 3 in Earth Magic
   263 | D:1      | Reached XP level 2. HP: 20/20 MP: 4/7
   959 | D:2      | Reached XP level 3. HP: 26/26 MP: 7/9
  1177 | D:2      | HP: 1/26 [frozen (2)]
  1177 | D:2      | Slain by a giant cockroach

Illustrated notes

Levels and vault maps discovered:
D:1:      roderic_dead_forest, layout_loops_ring,
          chequers_ecumenical_altar_lobes
D:2:      minmay_roachtagon, layout_loops_ring, amethyst_killhole,
          nicolae_concentric_dashed_squares_mild,
          chequers_serial_rivers_micro_d, st_stairs_10, minmay_misc_feat_rugged

Skill      XL: |  1 |
---------------+----+-----
Earth Magic    | 3 |  3.8
Spellcasting   | 2 |  2.3
Dodging        | |  1.7
Stealth        | |  1.7
Transmutations | |  0.8

Action                   || total
-------------------------++-------
Melee: Dagger            ||    50
       Punch             ||     1
 Cast: Sandblast         ||    41
Armor: Robe              ||    16
Dodge: Dodged            ||    51

Table legend: (Time is in decaauts)
 A = Elapsed time spent in this place.
 B = Non-inter-level travel time spent in this place.
 C = Inter-level travel time spent in this place.
 D = Time resting spent in this place.
 E = Time spent auto-exploring this place.
 F = Levels seen in this place.
 G = Mean time per level.
                   A        B        C        D        E       F      G
               +--------+--------+--------+--------+--------+-----+--------+
         Total |   1176 |   1159 |     17 |     62 |    842 |   2 |  588.0 |
       Dungeon |   1176 |   1159 |     17 |     62 |    842 |   2 |  588.0 |
               +--------+--------+--------+--------+--------+-----+--------+

Top non-repeatable levels by time:
     D:1: 889 daAuts
     D:2: 287 daAuts
